 Dungeon Crawl Stone Soup version 0.22-a0-86-g94e0ad4 (webtiles) character file.

19492 Kidiri the Thaumaturge (level 12, 0/68 HPs)
             Began as a Deep Elf Fire Elementalist on Jan 20, 2018.
             Was a Priest of Vehumet.
             Slain by a wolf (2 damage)
             ... in an ice cave.
             The game lasted 00:57:58 (17766 turns).

Kidiri the Thaumaturge (DEFE)                      Turns: 17766, Time: 00:57:59

Health: 0/68       AC:  6    Str:  5    XL:     12   Next: 37%
Magic:  27/31      EV: 17    Int: 26    God:    Vehumet [***...]
Gold:   947        SH:  6    Dex: 15    Spells: 0/37 levels left

rFire    . . .     SeeInvis +   E - +1 dagger (elec)
rCold    + + .     Gourm    .   (no shield)
rNeg     . . .     Faith    .   m - +1 robe {rC+}
rPois    +         Spirit   .   (no helmet)
rElec    .         Reflect  +   o - +0 cloak {rC+}
rCorr    .         Harm     .   d - +1 pair of gloves
MR       ++...                  (no boots)
Stlth    ++........             r - +6 amulet of reflection
HPRegen  0.21/turn              C - ring of protection from magic
MPRegen  0.22/turn              a - ring of Horhib {+Inv +Fly rPois SInv}

@: flying
A: no striking features
a: Renounce Religion, Evoke Invisibility, Stop Flying


You were in an ice cave.
You worshipped Vehumet.
Vehumet was most pleased with you.
You were very hungry.

You visited 4 branches of the dungeon, and saw 15 of its levels.
You also visited: Labyrinth, Sewer and Ice Cave.

You collected 947 gold pieces.

Inventory:

Hand Weapons
 s - the +6 battleaxe of Irame {freeze, *Rage rElec rF++ Dex+2, unknown}
   (You found it in an ice cave)

   It has been specially enchanted to freeze those struck by it, causing extra
   injury to most foes and up to half again as much damage against particularly
   susceptible opponents.
   It can also slow down cold-blooded creatures.
   It affects your dexterity (+2).
   It greatly protects you from fire.
   It insulates you from electricity.
   It may make you go berserk in combat.
 w - a +0 giant club
 D - a +1 glaive of freezing
 E - a +1 dagger of electrocution (weapon)
 I - a +4 vampiric glaive
Armour
 d - a +1 pair of gloves (worn)
 h - a +0 large shield of cold resistance
 m - a +1 robe of cold resistance (worn)
 o - a +0 cloak of cold resistance (worn)
 t - a +2 cloak
 u - a +2 shield of cold resistance
Jewellery
 a - the ring of Horhib (right hand) {+Inv +Fly rPois SInv}
   (You found it on level 2 of the Lair of Beasts)

   [ring of see invisible]

   It protects you from poison.
   It lets you see invisible.
   It lets you turn invisible.
   It lets you fly.
 l - an uncursed amulet of magic regeneration
 r - a +6 amulet of reflection (around neck)
 v - an uncursed ring of resist corrosion
 C - a ring of protection from magic (left hand)
 H - an uncursed ring of flight
Wands
 x - a wand of random effects (11)
Scrolls
 b - 2 scrolls of remove curse
 g - 2 scrolls of immolation
 q - a scroll of vulnerability
 y - a scroll of amnesia
 B - 2 scrolls of teleportation
 F - a scroll of fog
Potions
 e - 5 potions of resistance
 f - 6 potions of lignification
 i - a potion of brilliance
 k - 2 potions of mutation {unknown}
 n - 5 potions of flight
 p - 2 potions of might
 z - 2 potions of berserk rage {unknown}
 A - a potion of invisibility
 G - 2 potions of curing {unknown}
 J - 2 potions of ambrosia {unknown}
Comestibles
 c - 22 rations


   Skills:
 + Level 5.2 Fighting
 + Level 6.1 Short Blades
 + Level 5.1 Armour
 + Level 8.0 Dodging
 - Level 2.4 Stealth
 + Level 0.0 Shields
 * Level 13.1 Spellcasting
 + Level 7.8 Conjurations
 + Level 8.6 Fire Magic
 + Level 5.3 Air Magic
 + Level 6.1 Earth Magic
 + Level 1.5 Evocations


You couldn't memorise any spells.
You knew the following spells:

 Your Spells              Type           Power        Failure   Level  Hunger
a - Flame Tongue          Conj/Fire      #####        1%          1    None
b - Throw Flame           Conj/Fire      ######       1%          2    None
c - Conjure Flame         Conj/Fire      ######..     1%          3    None
d - Inner Flame           Hex/Fire       #####...     1%          3    None
e - Sticky Flame          Conj/Fire      ######..     1%          4    None
f - Fireball              Conj/Fire      ######....   1%          5    ##.....
g - Throw Frost           Conj/Ice       #####.       1%          2    None
h - Airstrike             Air            #####.....   1%          4    None
i - Lightning Bolt        Conj/Air       ######....   1%          5    ##.....
j - Stone Arrow           Conj/Erth      ######       1%          3    None
k - Lee's Rapid Deconstr  Erth           #####.....   2%          5    ##.....


Dungeon Overview and Level Annotations

Branches:
Dungeon (10/15)            Temple (1/1) D:6            Lair (3/6) D:10
  Swamp (0/4) Lair:3        Snake (1/4) Lair:2          Orc (0/2) D:9

Altars:
Ashenzari
Cheibriados
Dithmenos
Elyvilon
Fedhas
Gozag
Hepliaklqana
Kikubaaqudgha
Makhleb
Nemelex Xobeh
Okawaru
Qazlal
Ru
Sif Muna
Trog
Uskayaw
Vehumet
Wu Jian
Xom
Yredelemnul
Zin
The Shining One

Shops:
D:5 ?   D:9 ?

Annotations:
IceCv exclusions: ice statue, wolf and yak


Message History

The wolf bites you. The wolf closely misses you.
The frost giant hits you with a battleaxe of freezing!!
The frost giant freezes you. The wolf barely misses you.
Unknown command.
You feel much better. The wolf barely misses you.
The wolf bites you but does no damage. x2; The frost giant barely misses you.
Unknown command.
You block the wolf's attack. The wolf bites you!
Unknown command.
The frost giant hits you with a battleaxe of freezing!!!
Ouch! That really hurt!
* * * LOW HITPOINT WARNING * * *
The frost giant freezes you.
* * * LOW HITPOINT WARNING * * *
The wolf stops to sniff the ground.
The wolf misses you.
You hear a bellow!
Unknown command.
The wolf bites you.
You die...

#..##...#..#
#..#....#..#≈≈# ###
.C#.......#≈≈#
##.###
#.##......#≈≈#
#.#..###
#..#......#≈≈#
#..#.#.#
#..##...h.#≈≈#
##.##..#.
##..###..##≈≈#
##..###..#
##.....C##≈≈##
##..## ##..
#.....#h@≈≈≈###.#.#
##.
##...###≈≈≈≈≈#...##
## #####
#≈#≈≈≈..### #
######.## ###


You could see a frost giant and a wolf.

Vanquished Creatures
  A minotaur (Lab)
  Fannar (Lair:1)
  A hydra (Lair:2)
  2 two-headed ogres
  A black mamba (Lair:1)
  Joseph (D:7)
  Psyche (D:8)
  4 spiny frogs
  A komodo dragon (Lair:1)
  2 rime drakes
  A troll (D:10)
  8 polar bears (IceCv)
  Prince Ribbit (D:7)
  4 blink frogs (Lair:2)
  2 hippogriffs
  Eustachio (D:6)
  A wyvern (D:8)
  11 yaks
  A spriggan (D:7)
  Grum (D:10)
  A hungry ghost (D:8)
  3 nagas (Lair:2)
  2 water moccasins
  Purgy (Sewer)
  7 porcupines
  An eye of draining (D:4)
  6 orc warriors
  3 sky beasts
  3 black bears (D:10)
  11 ice beasts
  An ogre (D:6)
  4 phantoms
  11 wolves
  3 centaurs
  6 crocodiles
  A big kobold (D:8)
  6 bullfrogs
  4 scorpions
  A wyvern skeleton (D:9)
  4 wights (D:8)
  An electric eel (Lair:3)
  A howler monkey (D:9)
  5 crimson imps
  A quasit (D:5)
  5 jellies
  3 orc priests
  3 hounds
  6 orc wizards
  2 iguanas (D:8)
  Natasha (thrice) (D:3)
  2 worker ants
  A worker ant zombie (D:6)
  4 gnolls (D:9)
  15 adders
  An ooze (D:3)
  3 adder skeletons
  6 worms
  4 leopard geckos
  34 orcs
  9 giant cockroaches
  6 goblins
  11 hobgoblins
  6 jackals
  6 kobolds
  3 quokkas
  14 bats
  3 frilled lizards
  A jackal skeleton (D:7)
  2 leopard gecko skeletons
  A quokka skeleton (D:4)
  5 rats
  A fungus (D:10)
293 creatures vanquished.

Vanquished Creatures (others)
  A bush (Lair:2)
  A fungus (D:10)
2 creatures vanquished.

Grand Total: 295 creatures vanquished

Notes
Turn   | Place    | Note
-------+----------+-------------------------------------------
     0 | D:1      | Kidiri the Deep Elf Fire Elementalist began the quest for the Orb.
     0 | D:1      | Reached XP level 1. HP: 10/10 MP: 6/6
   368 | D:1      | Reached XP level 2. HP: 15/15 MP: 6/8
   411 | D:1      | Learned a level 2 spell: Throw Flame
   549 | D:1      | You fall through a shaft!
   607 | D:2      | Reached skill level 4 in Spellcasting
   617 | D:2      | Reached XP level 3. HP: 14/19 MP: 1/10
   912 | D:3      | Learned a level 3 spell: Conjure Flame
   916 | D:3      | Learned a level 3 spell: Inner Flame
  1649 | D:2      | Reached XP level 4. HP: 24/24 MP: 12/12
  1992 | D:3      | Noticed Natasha
  1998 | D:3      | Killed Natasha
  1998 | D:3      | Reached skill level 5 in Spellcasting
  2240 | D:3      | Learned a level 4 spell: Sticky Flame
  2501 | D:3      | Reached XP level 5. HP: 23/28 MP: 2/15
  3339 | D:3      | Noticed Natasha
  3344 | D:3      | Killed Natasha
  3344 | D:3      | Reached skill level 6 in Spellcasting
  3496 | D:4      | Found a glowing drain.
  3553 | D:4      | HP: 2/42 [poisoned by an adder]
  3586 | Sewer    | Entered a sewer
  3889 | Sewer    | Noticed Purgy
  3921 | Sewer    | Killed Purgy
  3921 | Sewer    | Reached XP level 6. HP: 32/32 MP: 6/17
  3928 | Sewer    | Learned a level 5 spell: Fireball
  4344 | D:4      | Found an ancient bone altar of Kikubaaqudgha.
  4479 | D:4      | Reached skill level 7 in Spellcasting
  4542 | D:4      | Reached skill level 5 in Fire Magic
  4838 | D:4      | Found a bloodstained altar of Trog.
  4850 | D:4      | Reached XP level 7. HP: 37/37 MP: 3/19
  4981 | D:3      | Noticed Natasha
  4983 | D:3      | Killed Natasha
  4983 | D:3      | Reached skill level 1 in Short Blades
  5075 | D:5      | Entered Level 5 of the Dungeon
  5294 | D:5      | Reached skill level 1 in Fighting
  5442 | D:5      | Reached skill level 1 in Armour
  5604 | D:5      | Reached skill level 8 in Spellcasting
  5679 | D:5      | Found Totsua's Magic Scroll Boutique.
  5686 | D:5      | Reached XP level 8. HP: 43/43 MP: 9/22
  5881 | D:5      | Found a blossoming altar of Fedhas.
  5975 | D:5      | Found an ornate altar of the Wu Jian Council.
  5990 | D:5      | Found a glowing golden altar of the Shining One.
  6513 | D:6      | Learned a level 3 spell: Stone Arrow
  6532 | D:6      | Noticed Eustachio
  6540 | D:6      | Killed Eustachio
  6637 | D:6      | Reached skill level 9 in Spellcasting
  6637 | D:6      | Reached skill level 1 in Earth Magic
  6780 | D:6      | Learned a level 4 spell: Airstrike
  6800 | D:6      | Found a staircase to the Ecumenical Temple.
  6816 | Temple   | Entered the Ecumenical Temple
  6914 | Temple   | Became a worshipper of Vehumet
  6939 | D:6      | Found an iron altar of Okawaru.
  7019 | D:6      | Reached skill level 5 in Conjurations
  7392 | D:6      | Found a hazy altar of Hepliaklqana.
  7593 | D:7      | Noticed Prince Ribbit
  7596 | D:7      | Killed Prince Ribbit
  7596 | D:7      | Reached skill level 1 in Air Magic
  7596 | D:7      | Reached XP level 9. HP: 49/49 MP: 19/24
  7723 | D:7      | Noticed Joseph
  7991 | D:7      | Killed Joseph
  7991 | D:7      | Reached skill level 5 in Dodging
  8650 | D:8      | Noticed Psyche
  8657 | D:8      | Killed Psyche
  8657 | D:8      | Reached skill level 10 in Spellcasting
  8850 | D:8      | Noticed a two-headed ogre
  8863 | D:8      | Killed a two-headed ogre
  8863 | D:8      | Reached XP level 10. HP: 36/56 MP: 21/26
  8994 | D:8      | Found a hide-covered altar of Uskayaw.
  9213 | D:8      | Learned a level 5 spell: Lightning Bolt
  9244 | D:8      | Reached * piety under Vehumet
  9244 | D:8      | Offered knowledge of Sting by Vehumet.
  9691 | D:8      | Found a shadowy altar of Dithmenos.
 10905 | D:9      | Noticed a two-headed ogre
 10910 | D:9      | Killed a two-headed ogre
 10910 | D:9      | Reached skill level 11 in Spellcasting
 11152 | D:9      | Found a sparkling altar of Nemelex Xobeh.
 11210 | D:9      | Found Hailixi's Magic Scroll Emporium.
 11220 | D:9      | Found a staircase to the Orcish Mines.
 11651 | D:9      | Found a shimmering altar of Xom.
 11742 | D:9      | Found a blossoming altar of Fedhas.
 11898 | D:10     | Entered Level 10 of the Dungeon
 12059 | D:10     | Reached XP level 11. HP: 58/61 MP: 18/28
 12102 | D:10     | Found a staircase to the Lair.
 12221 | D:10     | Found a stormy altar of Qazlal.
 12332 | D:10     | Noticed Grum
 12339 | D:10     | Reached skill level 5 in Short Blades
 12345 | D:10     | Reached ** piety under Vehumet
 12345 | D:10     | Offered knowledge of Magic Dart by Vehumet.
 12353 | D:10     | Killed Grum
 12969 | Lair:1   | Entered Level 1 of the Lair of Beasts
 13102 | Lair:1   | Found a labyrinth entrance.
 13121 | Lab      | Entered a labyrinth
 13414 | Lab      | Noticed a minotaur
 13430 | Lab      | Killed a minotaur
 13444 | Lab      | Got a warped silver amulet
 13645 | Lab      | Got an iridescent hand crossbow
 13882 | Lair:1   | Identified the amulet "Ukhluucw" {Harm *Drain MR+ Int+2 SInv} (You took it off a minotaur in a labyrinth)
 14075 | Lair:1   | Reached skill level 5 in Earth Magic
 14076 | Lair:1   | Noticed Fannar
 14093 | Lair:1   | Killed Fannar
 14093 | Lair:1   | Reached skill level 12 in Spellcasting
 14835 | Lair:2   | Noticed an eight-headed hydra
 14842 | Lair:2   | Killed an eight-headed hydra
 15019 | Lair:1   | Learned a level 5 spell: Lee's Rapid Deconstruction
 15382 | Lair:2   | Reached XP level 12. HP: 58/68 MP: 14/30
 15550 | Lair:2   | Found a staircase to the Snake Pit.
 15568 | Lair:2   | Reached skill level 5 in Air Magic
 15690 | Lair:2   | Offered knowledge of Throw Frost by Vehumet.
 15807 | Lair:2   | Got a scorched jade ring
 15809 | Lair:2   | Identified the ring of Horhib {+Inv +Fly rPois SInv} (You found it on level 2 of the Lair of Beasts)
 16478 | Snake:1  | Entered Level 1 of the Snake Pit
 16549 | Lair:3   | Found a staircase to the Swamp.
 16615 | Lair:3   | Reached skill level 5 in Fighting
 16622 | Lair:3   | Found a frozen archway.
 16660 | IceCv    | Entered an ice cave
 16680 | IceCv    | Reached skill level 1 in Evocations
 16709 | IceCv    | Reached *** piety under Vehumet
 16721 | IceCv    | Reached skill level 5 in Armour
 16721 | IceCv    | Reached skill level 13 in Spellcasting
 16998 | IceCv    | Learned a level 2 spell: Throw Frost
 17587 | IceCv    | Got a scorched battleaxe
 17727 | IceCv    | Noticed a frost giant
 17764 | IceCv    | HP: 1/68 [frost giant/battleaxe of freezing (5)]
 17766 | IceCv    | Slain by a wolf

Vault maps used:
D:1:      erik_arrival_blinker_ship
D:3:      uniq_natasha
D:4:      lemuel_crystal_altar, gup_sewer_entry_glass, first_ration,
          trog_eyes_of_draining
D:5:      kennysheep_little_box, kennysheep_mini_moat, lemuel_crystal_altar,
          serial_shops, nicolae_shop_temple_entry_statues_fountains
D:6:      old_standard_altar, okawaru_ov_weapons_minmay,
          minmay_temple_entry_overgrown, minmay_door_square, solitary_fountain,
          grunt_ministairs_13, hangedman_abyss_or_decor_stagger, uniq_eustachio
D:7:      the_bakery, uniq_joseph, uniq_prince_ribbit1
D:8:      nicolae_dithmenos_through_a_glass_darkly, lemuel_crystal_altar,
          kennysheep_dice, uniq_psyche
D:9:      kennysheep_mini, lemuel_crystal_altar, orc_david_3, serial_shops,
          shop, grunt_ministairs_14, fedhas_altar_4
D:10:     minmay_lair_entry_grove, grunt_qazlal_sundering, uniq_grum
Temple:   nicolae_temple_hex_pool
Lair:1:   lab_entry_generic, grunt_forest_small_clearings, uniq_fannar
Lair:2:   minmay_snake_entry_guardpost_small, infiniplex_staircase_pool_2,
          grunt_megastairs_3, lemuel_fruit_tree
Lair:3:   swamp_mist_pool, portal_ice_cave_entry_ice_beasts,
          minmay_lair_oklob_bushes
Snake:1:  st_stairs_14, uniq_frances
Lab:      labyrinth_mini_lab, nicolae_lab_very_dead_end, nicolae_lab_starburst
Sewer:    sewer_big_baddie
IceCv:    ice_cave_small_giant

Skill      XL: |  1  2  3  4  5  6  7  8  9 10 11 12 |
---------------+-------------------------------------+-----
Spellcasting   | 4 5 6 7 8 9 10 11 12 13 | 13.1
Conjurations   | 2 3 4 5 6 7 |  7.8
Fire Magic     | 4 5 6 7 8 |  8.6
Short Blades   | 1 3 4 5 6 |  6.1
Dodging        | 3 4 5 6 7 8 |  8.0
Fighting       | 1 2 3 4 5 |  5.2
Armour         | 1 2 3 4 5 |  5.1
Earth Magic    | 1 3 4 5 6 |  6.1
Air Magic      | 1 2 3 4 5 |  5.3
Evocations     | 1 |  1.5
Stealth        | |  2.4

Action                   |  1- 3 |  4- 6 |  7- 9 | 10-12 || total
-------------------------+-------+-------+-------+-------++-------
Melee: Unarmed           |    23 |       |       |       ||    23
       Rapier            |    11 |     1 |       |       ||    12
       Dagger            |       |    12 |    25 |    40 ||    77
 Cast: Flame Tongue      |    71 |   118 |   119 |   330 ||   638
       Throw Flame       |     1 |     3 |     4 |    28 ||    36
       Inner Flame       |       |     2 |     3 |    13 ||    18
       Conjure Flame     |       |     2 |     4 |    16 ||    22
       Sticky Flame      |       |     1 |    16 |    47 ||    64
       Stone Arrow       |       |       |     3 |     3 ||     6
       Fireball          |       |       |     1 |    14 ||    15
       Airstrike         |       |       |       |     2 ||     2
       Lightning Bolt    |       |       |       |     4 ||     4
 Abil: Evoke Flight      |       |       |       |     2 ||     2
Evoke: Wand              |       |       |     2 |     3 ||     5
  Use: Scroll            |       |     8 |     5 |    14 ||    27
       Potion            |       |     1 |       |     8 ||     9
 Stab: Sleeping          |     1 |     5 |     7 |     2 ||    15
       Confused          |       |       |       |     1 ||     1
  Eat: Chunk             |     2 |    10 |     5 |    16 ||    33
       Ration            |       |       |     3 |     3 ||     6
Armor: Robe              |    15 |    19 |    35 |    45 ||   114
Dodge: Dodged            |    49 |    42 |    95 |   178 ||   364
Block: Other             |       |       |    16 |    59 ||    75
       Reflection        |       |       |     1 |     8 ||     9

Table legend:
 A = Spawn XP
 B = Non-spawn XP
 C = Spawn XP percentage of total XP
 D = Spawn monster count
 E = Non-spawn monster count
 F = Spawn count percentage of total count
 G = Total turns spent on level
                    A         B        C        D         E        F      G
               +---------+---------+-------+---------+---------+-------+---------
         Total |       0 |   27847 |   0.0 |       0 |     292 |   0.0 | 17766
               +---------+---------+-------+---------+---------+-------+---------
           D:1 |       0 |      24 |   0.0 |       0 |      13 |   0.0 |   731
           D:2 |       0 |      46 |   0.0 |       0 |      16 |   0.0 |  1093
           D:3 |       0 |     278 |   0.0 |       0 |      37 |   0.0 |  1726
           D:4 |       0 |     371 |   0.0 |       0 |      17 |   0.0 |  1049
           D:5 |       0 |     906 |   0.0 |       0 |      22 |   0.0 |  1357
           D:6 |       0 |     988 |   0.0 |       0 |      17 |   0.0 |  1180
           D:7 |       0 |    1308 |   0.0 |       0 |      17 |   0.0 |   933
           D:8 |       0 |    3199 |   0.0 |       0 |      36 |   0.0 |  1984
           D:9 |       0 |    2460 |   0.0 |       0 |      29 |   0.0 |  1297
          D:10 |       0 |    2545 |   0.0 |       0 |      20 |   0.0 |  1007
        Lair:1 |       0 |    3771 |   0.0 |       0 |      11 |   0.0 |  1546
        Lair:2 |       0 |    5647 |   0.0 |       0 |      23 |   0.0 |  1324
        Lair:3 |       0 |    1458 |   0.0 |       0 |      12 |   0.0 |   111
           Lab |       0 |    1085 |   0.0 |       0 |       1 |   0.0 |   708
         Sewer |       0 |     146 |   0.0 |       0 |       6 |   0.0 |   492
         IceCv |       0 |    3615 |   0.0 |       0 |      15 |   0.0 |  1106
               +---------+---------+-------+---------+---------+-------+---------
